AoeStats
← BW962565

Pilgrims

509701958Analyzed
2v2 RM · 4d ago on Sep 27, 2026· 33m 33s· 4 players
Game mode
Random Map
Map size
Medium (4 player)
Population
200
Speed
Normal
Resources
Standard
Victory
Conquest
Starting age
Dark Age
Ending age
Imperial Age
RankedLock teamsTeams togetherTeam positionsShared explorationLock speedFull tech treeHidden civsTurbo modeCheats
Victory
Defeat
🇹🇷 Vikings · Türkiye
831
+11
🇬🇧 Dravidians · United Kingdom
615
+18
🇵🇱 Romans · Poland
713
-15
🇵🇱 Khmer · Poland
684
-14
Mudrifikator
4:20 Loom
10:42 Feudal Age
12:20 Wheelbarrow
12:16 Man-at-Arms
23:12 Castle Age
23:49 Bloodlines
23:54 Forging
23:51 Light Cavalry
24:23 Horse Collar
24:41 Double-Bit Axe
25:28 Heavy Plow
27:37 Stone Mining
27:37 Gold Mining
29:12 Fletching
29:28 Scale Barding Armor
kajda.air
5:05 Loom
11:34 Feudal Age
13:47 Double-Bit Axe
16:37 Bloodlines
21:14 Castle Age
19:21 Scale Mail Armor
26:01 Pikeman
26:42 Squires
32:10 Ballistics
33:43 Chain Mail Armor
NOK
8:31 Loom
10:57 Feudal Age
17:05 Castle Age
15:39 Double-Bit Axe
24:41 Stone Mining
26:56 Gold Mining
27:45 Bow Saw
32:17 Imperial Age
32:42 Scale Barding Armor
BW962565
5:26 Loom
12:12 Feudal Age
13:28 Wheelbarrow
13:02 Double-Bit Axe
13:48 Fishing Lines
16:04 Town Watch
21:52 Forging
21:42 Scale Mail Armor
25:26 Castle Age
23:27 Gold Mining
23:28 Stone Mining
23:36 Stone Mining
23:09 Man-at-Arms
23:37 Arson
26:47 Iron Casting
27:15 Gambesons
26:52 Long Swordsman
27:35 Squires
27:55 Chain Mail Armor
30:37 Bow Saw
31:59 Husbandry
Connection lost

Rejoining the realm…

Still unreachable

The connection could not be restored.

Session expired

The server has moved on; the page needs a fresh start.